 Dungeon Crawl Stone Soup version 0.25-a0-365-g7600c65aa0 (webtiles) character file.

Game seed: 10413338607251986871, levelgen mode: deterministic

2536 ANON1729 the Covert (level 9, -2/102 HPs)
             Began as a Vampire Assassin on Jan 5, 2020.
             Was a Follower of Makhleb.
             Slain by Joseph
             ... wielding a +0 quarterstaff
              (9 damage)
             ... on level 6 of the Dungeon.
             The game lasted 00:12:14 (6028 turns).

ANON1729 the Covert (Vampire Assassin)              Turns: 6028, Time: 00:12:15

Health: -2/102     AC: 11    Str: 15    XL:     9   Next: 30%
Magic:  9/9        EV: 22    Int: 14    God:    Makhleb [*.....]
Gold:   291        SH:  0    Dex: 23    Spells: 8/8 levels left

rFire    . . .     SeeInvis +   w - +2 rapier (flame)
rCold    . . .     Gourm    .   (no shield)
rNeg     . . .     Faith    .   b - +0 robe
rPois    .         Spirit   .   n - +0 helmet
rElec    .         Reflect  .   c - +0 cloak
rCorr    .         Harm     .   (no gloves)
MR       .....                  q - +2 pair of boots
Stlth    ..........             (no amulet)
HPRegen  0.47/turn              A - +4 ring of protection
MPRegen  0.11/turn              (no ring)

@: mighty, agile, berserking, regenerating quickly, very quick
A: no food, fangs 3, see invisible, unbreathing
a: Exsanguinate, Renounce Religion


You were on level 6 of the Dungeon.
You worshipped Makhleb.
Makhleb was aware of your devotion.
You were alive.

You visited 2 branches of the dungeon, and saw 8 of its levels.

You collected 291 gold pieces.

Inventory:

Hand Weapons
 a - a +2 dagger
 w - a +2 rapier of flaming (weapon)
 D - a cursed +2 great sword
Missiles
 d - 41 poisoned darts (quivered)
 e - 4 curare-tipped darts
Armour
 b - a +0 robe (worn)
 c - a +0 cloak (worn)
 n - a +0 helmet (worn)
 q - a +2 pair of boots (worn)
Jewellery
 A - a +4 ring of protection (left hand)
Wands
 f - a wand of polymorph (3)
 y - a wand of clouds (3)
 z - a wand of disintegration (14)
 B - a wand of flame (16)
Scrolls
 g - 8 scrolls of identify
 h - a scroll of amnesia {unknown}
 i - 2 scrolls of magic mapping {unknown}
 k - a scroll of remove curse {unknown}
 l - 2 scrolls of teleportation {unknown}
 r - 2 scrolls of blinking {unknown}
 t - a scroll of enchant armour {unknown}
 C - 3 scrolls of noise {unknown}
Potions
 j - 2 potions of cancellation
 m - a potion of haste {unknown}
 o - 2 potions of magic {unknown}
 p - 2 potions of resistance {unknown}
 s - a potion of berserk rage
 u - 3 potions of might
 x - a potion of flight {unknown}


   Skills:
 + Level 5.2 Fighting
 * Level 8.8 Short Blades
 - Level 3.0 Throwing
 + Level 6.0 Dodging
 + Level 10.2 Stealth


You had 8 spell levels left.
You didn't know any spells.
Your spell library was empty.

Dungeon Overview and Level Annotations

Branches:
Dungeon (7/15)             Temple (1/1) D:4

Altars:
Cheibriados
Dithmenos
Elyvilon
Fedhas
Gozag
Hepliaklqana
Kikubaaqudgha
Makhleb
Nemelex Xobeh
Qazlal
Ru
Trog
Uskayaw
Vehumet
Wu Jian
Xom
Yredelemnul
Zin

Annotations:
D:6 Joseph


Innate Abilities, Weirdness & Mutations

You do not eat.
Your natural rate of healing is unusually fast.
You have razor-sharp teeth.
You have supernaturally acute eyesight. (SInv)
You can survive without breathing.


Message History

You puncture the jelly! You burn the jelly.
You kill the jelly!
Makhleb accepts your kill.
You feel better.
Your Dodging skill increases to level 6!
Joseph shoots a sling bullet.
The sling bullet hits you!
* * * LOW HITPOINT WARNING * * *
You hit Joseph. You burn Joseph.
Joseph is lightly wounded.
Joseph unwields a +0 hunting sling.
Joseph wields a +0 quarterstaff.
Joseph hits you with a +0 quarterstaff.
* * * LOW HITPOINT WARNING * * *
You hit Joseph. You burn Joseph.
Joseph is lightly wounded.
You closely miss Joseph. You bite Joseph!
Joseph is moderately wounded.
You are no longer corroded.
Joseph says, "You will never get the ORB, sorry."
Joseph hits you with a +0 quarterstaff!
You die...

#.### #.######.#.#########.#
#...# #......#.#.# #.#
#...###......#.#.# #.#
#...#<#......#.#.####### #.#
#.###.#................###.#####
#.# #.#......#.#.#####.#......(.
##.###........#.#..#....#.#.####.
...#......[####.#(.#..#.#.#....#.
.......#........@@>##.#.#.#..#.#.
...........####.#.....#.#.####.#.
.....#._.#......#..##.#........#.
.......)...######..##.#.#......#.
.......#...#.......##.#.#.####.#.
...........#.####.###.#.#.# #...
...÷.#.#.###.# #.....#.########.
.....#.#.# #.#######.............
#....#.#.###.........©....#######


You could see Joseph.

Vanquished Creatures
  Pikel (D:7)
  Grinder (D:5)
  Sigmund (D:3)
  Edmund (D:6)
  Duvessa (D:5)
  A sky beast (D:6)
  2 centaurs (D:5)
  An ogre (D:2)
  A bullfrog (D:7)
  Dowan (D:5)
  A scorpion (D:5)
  4 wights (D:7)
  2 electric eels (D:6)
  2 crimson imps
  A bullfrog skeleton (D:5)
  A hound (D:4)
  5 jellies
  2 centaur skeletons
  An orc wizard (D:6)
  An iguana (D:6)
  3 worker ants
  A hound skeleton (D:5)
  Robin (D:3)
  4 gnolls
  A howler monkey skeleton (D:7)
  A worker ant zombie (D:6)
  11 adders
  An ooze (D:3)
  2 dart slugs
  5 leopard geckos
  5 orcs
  2 ball pythons
  3 giant cockroaches (D:3)
  12 hobgoblins
  8 jackals
  2 kobolds (D:2)
  5 quokkas
  12 bats
  6 frilled lizards
  16 goblins
  A quokka zombie (D:5)
  6 rats
139 creatures vanquished.

Vanquished Creatures (others)
  A slave (D:7)
1 creature vanquished.

Grand Total: 140 creatures vanquished

Notes
Turn   | Place    | Note
-------+----------+-------------------------------------------
     0 | D:1      | ANON1729 the Vampire Assassin began the quest for the Orb.
     0 | D:1      | Reached XP level 1. HP: 16/16 MP: 1/1
   292 | D:1      | Reached XP level 2. HP: 12/22 MP: 2/2
   490 | D:1      | Reached skill level 6 in Stealth
   953 | D:2      | Reached XP level 3. HP: 27/27 MP: 3/3
  1245 | D:2      | Noticed an ogre
  1248 | D:2      | Killed an ogre
  1248 | D:2      | Reached XP level 4. HP: 34/34 MP: 4/4
  1248 | D:2      | Reached XP level 5. HP: 39/39 MP: 5/5
  2094 | D:3      | Noticed Robin
  2422 | D:3      | Noticed Sigmund
  2480 | D:3      | Killed Sigmund
  2480 | D:3      | Reached skill level 7 in Stealth
  2480 | D:3      | Reached XP level 6. HP: 16/47 MP: 6/6
  2496 | D:3      | HP: 2/47 [poisoned by Sigmund]
  2502 | D:3      | HP: 1/47 [poisoned by Sigmund]
  2508 | D:3      | HP: 1/47 [poisoned by Sigmund]
  2516 | D:3      | HP: 2/47 [poisoned by Sigmund]
  2802 | D:3      | Killed Robin
  3390 | D:4      | Found a staircase to the Ecumenical Temple.
  3404 | Temple   | Entered the Ecumenical Temple
  3634 | D:5      | Entered Level 5 of the Dungeon
  3641 | D:5      | Noticed Duvessa
  3641 | D:5      | Noticed Dowan
  3668 | D:5      | Killed Duvessa
  3668 | D:5      | Reached skill level 5 in Short Blades
  3668 | D:5      | Reached XP level 7. HP: 41/52 MP: 7/7
  3730 | D:5      | Killed Dowan
  3898 | D:5      | Reached skill level 8 in Stealth
  4035 | D:5      | Found a burning altar of Makhleb.
  4090 | D:5      | Became a worshipper of Makhleb the Destroyer
  4311 | D:5      | Noticed Grinder
  4357 | D:5      | Killed Grinder
  4357 | D:5      | Reached XP level 8. HP: 31/60 MP: 8/8
  4672 | D:5      | Found a hide-covered altar of Uskayaw.
  4884 | D:6      | Found a transporter.
  4948 | D:6      | Found a radiant altar of Vehumet.
  4995 | D:6      | Noticed a gargoyle
  5011 | D:6      | Found a snail-covered altar of Cheibriados.
  5070 | D:6      | Reached skill level 9 in Stealth
  5164 | D:6      | Found a transporter.
  5291 | D:6      | Noticed Edmund
  5298 | D:6      | Killed Edmund
  5298 | D:6      | Reached skill level 5 in Dodging
  5635 | D:7      | Reached * piety under Makhleb
  5749 | D:7      | Noticed Pikel
  5761 | D:7      | Reached XP level 9. HP: 67/67 MP: 9/9
  5773 | D:7      | Noticed Joseph
  5811 | D:7      | Killed Pikel
  5811 | D:7      | Reached skill level 5 in Fighting
  5811 | D:7      | Reached skill level 10 in Stealth
  6028 | D:6      | Slain by Joseph

Levels and vault maps discovered:
D:1:      elethiomel_arrival_quiet, layout_loops_corners
D:2:      layout_loops_ring, corexii_item_surrounded_by_moat
D:3:      layout_basic, minmay_vboxes, uniq_robin, uniq_sigmund
D:4:      layout_rooms, minmay_temple_entry_purple_smoke, first_ration
D:5:      layout_basic, lemuel_round_altar, kennysheep_mini_moat, uniq_duvessa,
          uniq_grinder
D:6:      gammafunk_steamed_eel, layout_basic, kennysheep_mini,
          vehumet_altar_wand_db, lightli_corner_chamber, uniq_edmund
D:7:      cheibrodos_barr_body, layout_basic, cheibrodos_ashenzari_chains,
          minmay_fractal_squares_diagonal_5, uniq_joseph, uniq_pikel
Temple:   eino_temple_lava

Skill      XL: |  1  2  3  4  5  6  7  8  9 |
---------------+----------------------------+-----
Stealth        | 6 7 8 9 10 | 10.2
Fighting       | 2 3 4 5 |  5.2
Short Blades   | 3 4 5 6 8 |  8.8
Throwing       | 2 3 |  3.0
Dodging        | 2 3 4 5 6 |  6.0

Action                   |  1- 3 |  4- 6 |  7- 9 || total
-------------------------+-------+-------+-------++-------
Melee: Dagger            |   103 |   195 |       ||   298
       Bite              |     7 |    16 |    26 ||    49
       Rapier            |       |    22 |   259 ||   281
Throw: Dart              |       |       |     1 ||     1
Evoke: Wand              |       |       |     4 ||     4
  Use: Potion            |       |     5 |     3 ||     8
       Scroll            |       |       |     1 ||     1
 Stab: Sleeping          |    14 |     8 |     8 ||    30
Armor: Robe              |    23 |    42 |    55 ||   120
       Skin              |       |     8 |       ||     8
Dodge: Dodged            |    51 |   119 |   148 ||   318

Table legend:
 A = Non-vault XP
 B = Vault XP
 C = Vault XP percentage of total XP
 D = Non-vault monster count
 E = Vault monster count
 F = Vault count percentage of total count
                 A         B        C        D         E       F
            +---------+---------+-------+---------+---------+-------
      Total |    1647 |    1976 |  54.5 |     105 |      34 |  24.5
            +---------+---------+-------+---------+---------+-------
        D:1 |      40 |       0 |   0.0 |      23 |       0 |   0.0
        D:2 |     167 |       2 |   1.2 |      19 |       1 |   5.0
        D:3 |      38 |     303 |  88.9 |      16 |      20 |  55.6
        D:4 |      62 |       0 |   0.0 |       4 |       0 |   0.0
        D:5 |     642 |     505 |  44.0 |      23 |       3 |  11.5
        D:6 |     370 |     262 |  41.5 |      13 |       4 |  23.5
        D:7 |     328 |     904 |  73.4 |       7 |       6 |  46.2
            +---------+---------+-------+---------+---------+-------
